[ AOE2 MATCH · #508036784 ]
UnrankedMongols vs Romans
Player's team · WIN
Rival team · LOSS
[ REPLAY ANALYSIS · EXTRACTED FROM THE RECORDED GAME ]
Feudal
10:56
Castle
23:27
Imperial
—
| APM avg | 55.6 |
| APM peak | 90 |
| eAPM avg | 26.8 |
| Villagers / military | 83 / 42 |
Focus
⚔️ 43.6% · 🌾 56.4%
Cavalry Archer ×30 · Archer ×5 · Skirmisher ×4 · Knight ×3
Feudal
8:52
Castle
21:51
Imperial
—
| APM avg | 49.6 |
| APM peak | 92 |
| eAPM avg | 32.8 |
| Villagers / military | 105 / 87 |
Focus
⚔️ 35.6% · 🌾 64.4%
Skirmisher ×41 · Militia ×34 · Battering Ram ×8 · Scorpion ×4
Match map
Initial resources + every placement click. Lines = walls · curves = elevation contours. ◆ gold · ⬟ stone · ● berries · ✦ relic · ◌ wall gap
Your base· Open — 4t gap
Bitter Lemon's base· Open — 3t gap
Smoothed initial terrain · ◌ = detected wall gap · hover for details
Inputs per minute
— AghastMink16521 - - Bitter Lemon
Build order — AghastMink16521
First 150 of 234 actions detected
| 0:01 | Queue | Villager (Male) |
| 0:01 | Queue | Villager (Male) |
| 0:02 | Build | House |
| 0:03 | Build | House |
| 0:06 | Queue | Villager (Male) ×2 |
| 1:28 | Queue | Villager (Male) |
| 1:59 | Queue | Villager (Male) |
| 2:07 | Research | Loom |
| 2:17 | Queue | Villager (Male) |
| 2:21 | Build | Lumber Camp |
| 2:46 | Queue | Villager (Male) |
| 2:46 | Queue | Villager (Male) |
| 3:29 | Queue | Villager (Male) |
| 3:39 | Build | House |
| 3:40 | Build | House |
| 3:54 | Queue | Villager (Male) |
| 4:21 | Build | House |
| 4:31 | Queue | Villager (Male) |
| 4:31 | Queue | Villager (Male) |
| 4:31 | Queue | Villager (Male) |
| 4:31 | Queue | Villager (Male) |
| 5:06 | Build | House |
| 5:11 | Queue | Villager (Male) |
| 5:38 | Queue | Villager (Male) |
| 5:57 | Queue | Villager (Male) |
| 6:08 | Build | Mill |
| 6:09 | Queue | Villager (Male) |
| 6:20 | Build | Palisade Wall |
| 6:42 | Queue | Villager (Male) |
| 6:51 | Build | Palisade Wall |
| 7:08 | Queue | Villager (Male) |
| 7:11 | Build | Palisade Wall |
| 7:34 | Build | Palisade Wall |
| 7:47 | Build | House |
| 8:01 | Build | House |
| 8:03 | Build | House |
| 8:05 | Queue | Villager (Male) |
| 8:07 | Research | Feudal Age |
| 8:49 | Build | Mining Camp |
| 9:25 | Build | Barracks |
| 9:42 | Queue | Villager (Male) |
| 10:07 | Build | House |
| 10:13 | Queue | Villager (Male) |
| 10:56 | Age | Feudal Age |
| 11:01 | Build | Archery Range |
| 11:16 | Research | Double-Bit Axe |
| 11:16 | Research | Double-Bit Axe |
| 11:32 | Queue | Villager (Male) |
| 11:43 | Build | Watch Tower |
| 11:58 | Queue | Villager (Male) |
| 12:03 | Queue | Archer |
| 12:03 | Queue | Archer |
| 12:20 | Queue | Villager (Male) |
| 12:28 | Build | House |
| 12:29 | Build | House |
| 12:34 | Build | Palisade Wall |
| 12:36 | Queue | Villager (Male) |
| 12:45 | Build | House |
| 12:50 | Build | Farm |
| 13:00 | Build | House |
| 13:03 | Build | House |
| 13:06 | Queue | Villager (Male) |
| 13:09 | Queue | Archer |
| 13:18 | Build | House |
| 13:22 | Build | Farm |
| 13:30 | Build | Stone Wall |
| 13:34 | Queue | Archer |
| 13:36 | Queue | Villager (Male) |
| 13:39 | Build | Farm |
| 13:49 | Research | Horse Collar |
| 13:49 | Research | Horse Collar |
| 13:59 | Build | Farm |
| 14:03 | Queue | Villager (Male) |
| 14:11 | Queue | Archer |
| 14:20 | Build | Farm |
| 14:38 | Queue | Villager (Male) |
| 14:40 | Build | Farm |
| 14:42 | Build | Farm |
| 14:51 | Build | Farm |
| 14:51 | Queue | Villager (Male) |
| 14:59 | Build | Farm |
| 15:07 | Build | Farm |
| 15:21 | Build | Lumber Camp |
| 15:25 | Queue | Villager (Male) |
| 15:40 | Research | Town Watch |
| 15:43 | Build | Farm |
| 16:14 | Build | Blacksmith |
| 16:31 | Queue | Villager (Male) |
| 16:39 | Build | Market |
| 16:54 | Research | Fletching |
| 16:55 | Queue | Villager (Male) |
| 17:07 | Queue | Villager (Male) |
| 17:13 | Build | Stone Wall |
| 17:25 | Build | Mining Camp |
| 17:32 | Build | House |
| 17:37 | Queue | Villager (Male) |
| 17:43 | Build | Watch Tower |
| 17:48 | Queue | Villager (Male) |
| 18:05 | Build | Farm |
| 18:14 | Build | Farm |
| 18:18 | Research | Wheelbarrow |
| 19:41 | Queue | Villager (Male) |
| 19:42 | Build | Archery Range |
| 19:51 | Build | Farm |
| 20:47 | Research | Castle Age |
| 20:50 | Build | Archery Range |
| 21:44 | Build | House |
| 22:04 | Research | Padded Archer Armor |
| 22:30 | Build | Stable |
| 22:50 | Research | Gold Mining |
| 23:17 | Research | Bloodlines |
| 23:19 | Queue | Villager (Male) |
| 23:27 | Age | Castle Age |
| 23:28 | Research | Stone Mining |
| 23:29 | Queue | Cavalry Archer |
| 23:29 | Queue | Cavalry Archer |
| 23:30 | Queue | Cavalry Archer |
| 23:33 | Research | Bodkin Arrow |
| 23:36 | Queue | Villager (Male) |
| 23:43 | Research | Husbandry |
| 23:45 | Queue | Skirmisher |
| 24:03 | Queue | Cavalry Archer |
| 24:07 | Queue | Villager (Male) |
| 24:08 | Queue | Cavalry Archer |
| 24:08 | Queue | Cavalry Archer |
| 24:29 | Queue | Cavalry Archer |
| 24:40 | Build | University |
| 24:42 | Queue | Villager (Male) |
| 24:44 | Queue | Cavalry Archer |
| 24:59 | Queue | Knight |
| 25:07 | Queue | Cavalry Archer |
| 25:07 | Queue | Cavalry Archer |
| 25:34 | Queue | Cavalry Archer |
| 25:34 | Queue | Cavalry Archer |
| 25:34 | Queue | Cavalry Archer |
| 25:39 | Queue | Villager (Male) |
| 25:39 | Queue | Villager (Male) |
| 25:44 | Queue | Villager (Male) |
| 25:45 | Queue | Villager (Male) |
| 25:48 | Queue | Cavalry Archer |
| 25:49 | Queue | Cavalry Archer |
| 25:58 | Queue | Villager (Male) |
| 26:06 | Build | Mining Camp |
| 26:38 | Build | Castle |
| 27:05 | Build | Farm |
| 27:34 | Queue | Villager (Male) |
| 27:34 | Queue | Villager (Male) |
| 27:44 | Queue | Villager (Male) |
| 27:45 | Queue | Villager (Male) |
| 28:05 | Research | Ballistics |
Build order — Bitter Lemon
First 150 of 290 actions detected
| 0:00 | Queue | Villager (Male) |
| 0:00 | Queue | Villager (Male) |
| 0:01 | Queue | Villager (Male) |
| 0:02 | Build | House |
| 0:02 | Build | House |
| 0:13 | Queue | Villager (Male) |
| 0:14 | Queue | Villager (Male) |
| 1:26 | Queue | Villager (Male) |
| 1:27 | Queue | Villager (Male) |
| 1:53 | Build | Lumber Camp |
| 1:58 | Queue | Villager (Male) |
| 1:58 | Queue | Villager (Male) |
| 2:20 | Queue | Villager (Male) |
| 2:40 | Build | House |
| 2:53 | Queue | Villager (Male) |
| 2:53 | Queue | Villager (Male) |
| 3:04 | Queue | Villager (Male) |
| 3:04 | Queue | Villager (Male) |
| 3:43 | Queue | Villager (Male) |
| 3:43 | Queue | Villager (Male) |
| 3:43 | Queue | Villager (Male) |
| 4:23 | Queue | Villager (Male) |
| 4:25 | Queue | Villager (Male) |
| 4:26 | Queue | Villager (Male) |
| 4:26 | Queue | Villager (Male) |
| 4:50 | Build | Mining Camp |
| 5:11 | Build | House |
| 5:35 | Queue | Villager (Male) |
| 5:55 | Research | Loom |
| 6:08 | Build | Barracks |
| 6:42 | Research | Feudal Age |
| 6:43 | Research | Feudal Age |
| 7:05 | Build | House |
| 7:08 | Queue | Militia |
| 7:08 | Queue | Militia |
| 7:33 | Queue | Militia |
| 7:38 | Build | House |
| 8:01 | Queue | Militia |
| 8:09 | Build | House |
| 8:11 | Build | Palisade Wall |
| 8:17 | Queue | Militia |
| 8:51 | Queue | Villager (Male) |
| 8:52 | Age | Feudal Age |
| 9:11 | Build | Blacksmith |
| 9:16 | Build | Mill |
| 9:20 | Queue | Villager (Male) |
| 9:23 | Research | Man-at-Arms (upgrade) |
| 9:56 | Build | House |
| 9:58 | Queue | Villager (Male) |
| 9:59 | Queue | Villager (Male) |
| 10:04 | Build | Farm |
| 10:07 | Build | Farm |
| 10:29 | Build | Farm |
| 10:30 | Queue | Villager (Male) |
| 10:30 | Queue | Villager (Male) |
| 10:41 | Build | Watch Tower |
| 10:44 | Build | House |
| 10:47 | Build | Palisade Wall |
| 10:51 | Queue | Villager (Male) |
| 10:51 | Queue | Villager (Male) |
| 11:20 | Queue | Villager (Male) |
| 11:20 | Queue | Villager (Male) |
| 11:39 | Queue | Villager (Male) |
| 11:39 | Queue | Villager (Male) |
| 11:45 | Build | Watch Tower |
| 11:48 | Build | Farm |
| 11:49 | Build | Farm |
| 11:53 | Queue | Villager (Male) |
| 12:02 | Research | Scale Mail Armor |
| 12:20 | Build | Farm |
| 12:25 | Build | Farm |
| 12:28 | Build | Farm |
| 12:28 | Queue | Villager (Male) |
| 12:28 | Queue | Villager (Male) |
| 12:50 | Build | Farm |
| 12:51 | Queue | Villager (Male) |
| 12:51 | Queue | Villager (Male) |
| 13:08 | Build | Mining Camp |
| 13:18 | Queue | Villager (Male) |
| 13:18 | Queue | Villager (Male) |
| 13:33 | Build | Farm |
| 13:36 | Build | Farm |
| 13:43 | Build | Palisade Wall |
| 13:56 | Queue | Villager (Male) |
| 14:25 | Queue | Villager (Male) |
| 14:42 | Build | Archery Range |
| 14:44 | Queue | Villager (Male) |
| 15:10 | Build | Watch Tower |
| 15:14 | Build | House |
| 15:15 | Queue | Villager (Male) |
| 15:20 | Build | Farm |
| 15:20 | Queue | Villager (Male) |
| 15:42 | Build | Farm |
| 15:43 | Queue | Villager (Male) |
| 15:50 | Queue | Skirmisher |
| 15:51 | Queue | Skirmisher |
| 15:56 | Build | House |
| 16:00 | Build | Palisade Wall |
| 16:23 | Queue | Villager (Male) |
| 16:40 | Research | Fletching |
| 16:41 | Queue | Villager (Male) |
| 17:02 | Queue | Villager (Male) |
| 17:03 | Queue | Skirmisher |
| 17:24 | Build | Farm |
| 17:31 | Build | Market |
| 17:56 | Queue | Villager (Male) |
| 18:23 | Queue | Villager (Male) |
| 19:11 | Research | Castle Age |
| 19:11 | Research | Castle Age |
| 19:15 | Build | Farm |
| 19:15 | Build | Farm |
| 19:15 | Build | Farm |
| 19:29 | Research | Horse Collar |
| 19:57 | Build | Barracks |
| 20:06 | Queue | Villager (Male) |
| 20:13 | Research | Forging |
| 20:16 | Build | House |
| 20:25 | Build | Lumber Camp |
| 20:42 | Queue | Militia |
| 20:42 | Queue | Militia |
| 20:44 | Queue | Villager (Male) |
| 20:44 | Queue | Villager (Male) |
| 20:45 | Queue | Militia |
| 20:45 | Queue | Militia |
| 21:29 | Queue | Villager (Male) |
| 21:31 | Queue | Militia |
| 21:31 | Queue | Militia |
| 21:42 | Queue | Villager (Male) |
| 21:51 | Age | Castle Age |
| 21:58 | Research | Chain Mail Armor |
| 22:06 | Build | Siege Workshop |
| 22:08 | Queue | Militia |
| 22:11 | Research | Long Swordsman (upgrade) |
| 22:19 | Research | Long Swordsman (upgrade) |
| 22:21 | Queue | Villager (Male) |
| 22:21 | Queue | Villager (Male) |
| 22:28 | Queue | Villager (Male) |
| 22:43 | Queue | Militia |
| 22:43 | Queue | Militia |
| 22:59 | Queue | Battering Ram |
| 23:00 | Queue | Battering Ram |
| 23:09 | Queue | Villager (Male) |
| 23:16 | Research | Double-Bit Axe |
| 23:23 | Queue | Scorpion |
| 23:26 | Queue | Militia |
| 23:26 | Queue | Militia |
| 23:41 | Queue | Villager (Male) |
| 23:41 | Queue | Villager (Male) |
| 23:47 | Queue | Scorpion |
| 23:47 | Queue | Scorpion |
Match timeline
| 6:08 | Bitter Lemon · first_building Barracks |
| 6:20 | AghastMink16521 · wall_segment Palisade Wall x6 |
| 6:51 | AghastMink16521 · wall_segment Palisade Wall x13 |
| 7:11 | AghastMink16521 · wall_segment Palisade Wall x7 |
| 7:34 | AghastMink16521 · wall_segment Palisade Wall x5 |
| 8:11 | Bitter Lemon · wall_segment Palisade Wall x7 |
| 8:52 | Bitter Lemon · age_up feudal |
| 9:25 | AghastMink16521 · first_building Barracks |
| 10:47 | Bitter Lemon · wall_segment Palisade Wall x11 |
| 10:56 | AghastMink16521 · age_up feudal |
| 11:01 | AghastMink16521 · first_building Archery Range |
| 12:34 | AghastMink16521 · wall_segment Palisade Wall x1 |
| 13:30 | AghastMink16521 · wall_segment Stone Wall x5 |
| 13:43 | Bitter Lemon · wall_segment Palisade Wall x15 |
| 14:42 | Bitter Lemon · first_building Archery Range |
| 16:00 | Bitter Lemon · wall_segment Palisade Wall x7 |
| 17:13 | AghastMink16521 · wall_segment Stone Wall x2 |
| 17:36 | AghastMink16521 · first_market_buy 100 stone |
| 19:26 | Bitter Lemon · first_market_buy 100 wood |
| 21:51 | Bitter Lemon · age_up castle |
| 22:06 | Bitter Lemon · first_building Siege Workshop |
| 22:30 | AghastMink16521 · first_building Stable |
| 23:27 | AghastMink16521 · age_up castle |
| 24:06 | AghastMink16521 · first_market_sell 100 wood |
| 26:35 | Bitter Lemon · first_building Monastery |
| 26:38 | AghastMink16521 · first_building Castle |
| 32:41 | Bitter Lemon · first_building Castle |
| 33:13 | Bitter Lemon · first_market_sell 100 food |
| 37:34 | Bitter Lemon · resign |
[ AI ANALYSIS · 1 CREDIT ]
What really happened in this match?
Wolo.gg analyzes every decision: build order, eco, micro, common mistakes by bracket. Personalized analysis on WhatsApp or Discord in 30 seconds.
Civ guide
Mongols
Perfil
AghastMink16521